 Dungeon Crawl Stone Soup version 0.20.0-10-g0535bb4 (webtiles) character file.

156 Monsterracer the Chopper (level 5, -1/41 HPs)
             Began as a Formicid Fighter on June 3, 2017.
             Slain by an orc
             ... wielding a +0 flail
              (8 damage)
             ... on level 3 of the Dungeon.
             The game lasted 00:02:49 (2008 turns).

Monsterracer the Chopper (Formicid Fighter)         Turns: 2008, Time: 00:02:50

Health: -1/41      AC:  6    Str: 20      XL:     5   Next: 65%
Magic:  14/14      EV: 10    Int:  8      God:
Gold:   130        SH:  9    Dex:  8 (11) Spells: 4/4 levels left

rFire    . . .     SeeInvis +   a - +0 war axe
rCold    . . .     Gourm    .   c - +0 shield
rNeg     . . .     Faith    .   b - +0 scale mail
rPois    .         Spirit   .   (helmet unavailable)
rElec    .         Reflect  .   (no cloak)
rCorr    .         Harm     .   (no gloves)
MR       .....                  (no boots)
Stlth    ..........             (no amulet)
Regen    0.2/turn               i - ring of magical power
MPRegen  0.2/turn               m - +3 ring of evasion

@: lethally poisoned (-1 -> -2)
A: permanent stasis, dig shafts and tunnels, four strong arms, antennae 3
a: Dig, Shaft Self


You were on level 3 of the Dungeon.
You were not hungry.

You visited 1 branch of the dungeon, and saw 3 of its levels.

You collected 130 gold pieces.

Inventory:

Hand Weapons
 a - a +0 war axe (weapon)
Armour
 b - a +0 scale mail (worn)
 c - a +0 shield (worn)
Jewellery
 i - a ring of magical power (left hand)
 m - a +3 ring of evasion (right hand)
Wands
 n - a wand of confusion (17/48)
Scrolls
 e - 2 scrolls of enchant armour {unknown}
 j - a scroll of amnesia {unknown}
 k - 3 scrolls of identify {unknown}
 l - a scroll of teleportation {unknown}
 o - a scroll of remove curse {unknown}
 p - a scroll of blinking {unknown}
 q - a scroll of magic mapping {unknown}
Potions
 d - a potion of might
Comestibles
 f - 2 bread rations
 g - 2 meat rations
 h - a fruit
 r - a royal jelly


   Skills:
 - Level 3.2 Fighting
 + Level 5.4 Axes
 - Level 3.2 Armour
 - Level 3.6 Shields


You had 4 spell levels left.
You didn't know any spells.

Dungeon Overview and Level Annotations

Branches:
Dungeon (3/15)

Altars:
Ashenzari
Trog


Innate Abilities, Weirdness & Mutations

You cannot be hasted, slowed, berserked, paralysed or teleported.
You can dig through walls and to a lower floor.
Your four strong arms can wield two-handed weapons with a shield.
You have a pair of large antennae on your head. (SInv)


Message History

Your scale mail prevents you from hitting the orc.
The orc is almost dead.
You block the orc's attack.
You closely miss the orc.
The orc is severely wounded.
The orc hits you with a flail.
* * * LOW HITPOINT WARNING * * *
You closely miss the orc.
The orc is severely wounded.
You feel sick. You block the orc's attack.
You closely miss the orc.
The orc is severely wounded.
The orc misses you.
You barely miss the orc.
The orc is heavily wounded.
The orc hits you but does no damage.
You hit the orc.
The orc is almost dead.
You feel sick. The orc hits you with a flail!
You die...

#..##### ###..<...
#....... #......# #
#..?..## ########.#
#......# #.......#
#..#..)o..# ##.####.#
#...)@..# ##.#....# #
#.....†##.###.###.##.###
.....####...#.#####.##.#.
.###$.......((.##.....#.#
.####...###)#.###.#.#
##.## ##....#..#. #.#
#....#.#.# { ..#
#......#.# ####
#........#


You could see an orc.

Vanquished Creatures
  An orc wizard (D:3)
  7 adders
  A gnoll (D:1)
  A worm (D:3)
  2 dart slugs
  A leopard gecko (D:2)
  2 orcs (D:3)
  6 bats
  2 giant cockroaches
  2 goblins
  7 hobgoblins
  6 kobolds
  A quokka (D:3)
  A ball python (D:3)
  2 frilled lizards (D:2)
  8 rats
50 creatures vanquished.

Vanquished Creatures (others)
  A plant (D:2)
1 creature vanquished.

Grand Total: 51 creatures vanquished

Notes
Turn   | Place    | Note
-------+----------+-------------------------------------------
     0 | D:1      | Monsterracer the Formicid Fighter began the quest for the Orb.
     0 | D:1      | Reached XP level 1. HP: 18/18 MP: 1/1
   121 | D:1      | Reached XP level 2. HP: 24/24 MP: 2/2
   219 | D:1      | Reached skill level 3 in Axes
   219 | D:1      | Reached XP level 3. HP: 24/29 MP: 3/3
   757 | D:2      | Found a bloodstained altar of Trog.
   784 | D:2      | Reached skill level 4 in Axes
   784 | D:2      | Reached XP level 4. HP: 14/35 MP: 4/4
  1037 | D:2      | Found a shattered altar of Ashenzari.
  1041 | D:2      | Saw a vision of the Swamp and the Spider Nest.
  1041 | D:2      | Noticed a water moccasin
  1041 | D:2      | Noticed an alligator
  1041 | D:2      | Noticed a swamp drake
  1041 | D:2      | Noticed a redback
  1041 | D:2      | Noticed a redback
  1718 | D:3      | Reached XP level 5. HP: 9/41 MP: 5/5
  1992 | D:3      | Reached skill level 5 in Axes
  2008 | D:3      | Slain by an orc

Skill      XL: |  1  2  3  4  5 |
---------------+----------------+-----
Axes           | 3 4 5 |  5.4
Fighting       | |  3.2
Armour         | |  3.2
Shields        | |  3.6

Action                   |  1- 3 |  4- 6 || total
-------------------------+-------+-------++-------
Melee: War axe           |    95 |    95 ||   190
  Use: Potion            |     3 |     4 ||     7
  Eat: Chunk             |       |     4 ||     4
Armor: Scale mail        |    41 |    38 ||    79
Dodge: Dodged            |    46 |    51 ||    97
Block: Shield            |    59 |    58 ||   117
